 Dungeon Crawl Stone Soup version 0.26-b1-32-g5d43845318 (webtiles) character file.

Game seed: 10733033752494819320

58 Borgoz the Ducker (level 4, -1/37 HPs)
             Began as a Ghoul Gladiator on Jan 13, 2021.
             Slain by a gnoll
             ... wielding a +0 halberd
              (9 damage)
             ... on level 3 of the Dungeon.
             The game lasted 00:01:50 (1783 turns).

Borgoz the Ducker (Ghoul Gladiator)                 Turns: 1783, Time: 00:01:50

Health: -1/37      AC:  7    Str: 18    XL:     4   Next: 2%
Magic:  3/3        EV: 12    Int:  3    God:
Gold:   98         SH:  0    Dex: 10    Spells: 3/3 levels left

rFire    . . .     SeeInvis .   a - +0 flail
rCold    + . .     Faith    .   (no shield)
rNeg     + + +     Spirit   .   b - +0 leather armour
rPois    ∞         Reflect  .   c - +0 helmet
rElec    .         Harm     .   (no cloak)
rCorr    .         Rampage  .   m - +2 pair of gloves
Will     .....                  (no boots)
Stlth    +.........             (no amulet)
HPRegen  0.00/turn              (no ring)
MPRegen  0.08/turn              (no ring)

@: no status effects
A: claws 1, cold resistance 1, negative energy resistance 3, inhibited
regeneration, torment resistance, unbreathing
a: no special abilities


You were on level 3 of the Dungeon.
You visited 1 branch of the dungeon, and saw 3 of its levels.

You collected 98 gold pieces.

Inventory:

Hand Weapons
 a - a +0 flail (weapon)
Missiles
 d - 3 throwing nets (quivered)
Armour
 b - a +0 leather armour (worn)
 c - a +0 helmet (worn)
 m - a +2 pair of gloves (worn)
Jewellery
 j - an uncursed ring of ice
Scrolls
 f - a scroll of fear
 g - a scroll of remove curse
 k - a scroll of magic mapping
 l - 2 scrolls of teleportation {unknown}
 o - a scroll of enchant weapon
Potions
 e - 2 potions of brilliance
 h - 2 potions of curing
 i - 2 potions of heal wounds
 n - a potion of mutation {unknown}


   Skills:
 * Level 2.9 Fighting
 * Level 3.1 Maces & Flails
 - Level 1.7 Throwing
 * Level 1.3 Armour
 * Level 3.2 Dodging


You had 3 spell levels left.
You didn't know any spells.
Your spell library was empty.

Dungeon Overview and Level Annotations

Branches:
Dungeon (3/15)

Altars:
Dithmenos
Yredelemnul


Innate Abilities, Weirdness & Mutations

You thrive by killing the living.
You are immune to poison.
You have sharp fingernails.
Your flesh is cold resistant. (rC+)
You are immune to negative energy. (rN+++)
You do not regenerate when monsters are visible.
You are immune to unholy pain and torment.
You can survive without breathing.


Message History

There are monsters nearby!
You barely miss the gnoll.
The gnoll hits you from afar with a +0 spear.
The gnoll barely misses you.
You hit the gnoll.
The gnoll is moderately wounded.
The gnoll closely misses you.
A hobgoblin comes into view.
You barely miss the gnoll.
The gnoll is moderately wounded.
The gnoll hits you with a +0 halberd!
You sock the gnoll!
The gnoll is almost dead.
The gnoll hits you with a +0 halberd. The gnoll closely misses you.
You barely miss the gnoll.
The gnoll is almost dead.
The gnoll hits you from afar with a +0 spear.
* * * LOW HITPOINT WARNING * * *
The gnoll hits you with a +0 halberd!
You die...

#..)# _# #####...##
...# .......).###
...#
......##<).##..###
...(..##.....>...
.................
.......##..#.######
......##..........#
###### #@..........
...g.ggg..........
#######..........#
#......?...#
#..........#
#..........#
############


You could see 3 gnolls and a hobgoblin.

Vanquished Creatures
  2 adders (D:2)
  2 worms (D:2)
  A dart slug (D:1)
  A leopard gecko (D:1)
  An orc (D:3)
  3 giant cockroaches (D:1)
  2 goblins
  5 hobgoblins
  2 jackals (D:2)
  3 bats
  A frilled lizard (D:1)
  A kobold (D:2)
  6 rats
  A spectral orc (D:2)
31 creatures vanquished.

Notes
Turn   | Place    | Note
-------+----------+-------------------------------------------
     0 | D:1      | Borgoz the Ghoul Gladiator began the quest for the Orb.
     0 | D:1      | Reached XP level 1. HP: 17/17 MP: 0/0
   135 | D:1      | Reached XP level 2. HP: 25/25 MP: 1/1
   751 | D:2      | Found a basalt altar of Yredelemnul.
  1033 | D:2      | Reached skill level 1 in Armour
  1033 | D:2      | Reached XP level 3. HP: 30/30 MP: 2/2
  1672 | D:3      | Reached XP level 4. HP: 21/37 MP: 3/3
  1774 | D:3      | Found a shadowy altar of Dithmenos.
  1783 | D:3      | Slain by a gnoll

Illustrated notes

Levels and vault maps discovered:
D:1:      nzn_arrival_crosshair, layout_basic, minmay_close_crescents
D:2:      layout_rooms, yredelemnul_forgotten_temple_becter
D:3:      layout_rooms, riverfiend_overflow_shadow_ancestor,
          kiku_gazebo_garden_becter, serial_bayou_lagoon_b

Skill      XL: |  1  2  3 |
---------------+----------+-----
Dodging        | 3 |  3.2
Armour         | 1 |  1.3
Maces & Flails | 3 |  3.1
Fighting       | |  2.9
Throwing       | |  1.7

Action                   |  1- 3 |  4- 6 || total
-------------------------+-------+-------++-------
Melee: Flail             |   120 |     7 ||   127
  Use: Scroll            |     7 |       ||     7
       Potion            |     1 |       ||     1
 Stab: Sleeping          |     1 |       ||     1
Armor: Leather armour    |    62 |       ||    62
Dodge: Dodged            |   109 |     4 ||   113
